 Dungeon Crawl Stone Soup version 0.25-a0-583-g696c2ac64d (webtiles) character file.

Game seed: 14190745480118824193, levelgen mode: deterministic

933 KiliKikkendorf the Cutter (level 8, -3/54 HPs)
             Began as a Halfling Fighter on Mar 8, 2020.
             Was a Follower of Okawaru.
             Slain by a gnoll (6 damage)
             ... on level 4 of the Dungeon.
             The game lasted 00:29:18 (3622 turns).

KiliKikkendorf the Cutter (Halfling Fighter)        Turns: 3622, Time: 00:29:19

Health: -3/54      AC: 15    Str: 19    XL:     8   Next: 33%
Magic:  8/8        EV: 18    Int:  6    God:    Okawaru [*.....]
Gold:   254        SH: 11    Dex: 14    Spells: 7/7 levels left

rFire    . . .     SeeInvis .   a - +2 rapier
rCold    . . .     Gourm    .   c - +0 kite shield
rNeg     . . .     Faith    .   j - +0 chain mail
rPois    .         Spirit   .   i - +2 helmet
rElec    .         Reflect  .   b - +1 cloak
rCorr    .         Harm     .   (no gloves)
MR       +....     Clarity  +   (no boots)
Stlth    ..........             (no amulet)
HPRegen  0.18/turn              g - +5 ring of evasion
MPRegen  0.11/turn              (no ring)

@: agile, berserk cooldown, hasted and slowed
A: small, clarity, magic resistance 1, mutation resistance 1
a: Heroism, Renounce Religion


You were on level 4 of the Dungeon.
You worshipped Okawaru.
Okawaru was aware of your devotion.
You were not hungry.

You visited 2 branches of the dungeon, and saw 5 of its levels.
You also visited: Sewer.

You collected 254 gold pieces.

Inventory:

Hand Weapons
 a - a +2 rapier (weapon)
Armour
 b - a +1 cloak (worn)
 c - a +0 kite shield (worn)
 i - a +2 helmet (worn)
 j - a +0 chain mail (worn)
Jewellery
 g - a +5 ring of evasion (left hand)
Wands
 k - a wand of digging (2)
Scrolls
 h - 4 scrolls of remove curse
 m - 2 scrolls of identify
Potions
 d - 2 potions of might
 e - a potion of brilliance
Comestibles
 f - 5 rations


   Skills:
 * Level 4.5 Fighting
 + Level 7.0 Short Blades
 + Level 4.7 Armour
 + Level 2.0 Dodging
 + Level 0.1 Stealth
 + Level 5.8 Shields


You had 7 spell levels left.
You didn't know any spells.
Your spell library was empty.

Dungeon Overview and Level Annotations

Branches:
Dungeon (4/15)             Temple (1/1) D:4           Sewer (visited)

Altars:
Ashenzari
Cheibriados
Dithmenos
Elyvilon
Fedhas
Gozag
Nemelex Xobeh
Okawaru
Qazlal
Sif Muna
Trog
Vehumet

Annotations:
D:4 1 transporter


Innate Abilities, Weirdness & Mutations

You are small and have problems with some larger weapons.
You are somewhat resistant to further mutation.
You possess an exceptional clarity of mind.
You are resistant to hostile enchantments. (MR+)


Message History

You hit the gnoll but do no damage.
The gnoll is severely wounded.
The gnoll misses you. You block the gnoll's attack.
The gnoll closely misses you.
Your chain mail prevents you from hitting the gnoll.
The gnoll is severely wounded.
You block the gnoll's attack. The gnoll misses you. x2
Your shield and chain mail prevent you from hitting the gnoll.
The gnoll is severely wounded.
The gnoll zaps a wand.
Your will is overpowered!
You feel momentarily confused.
You hit the gnoll but do no damage.
The gnoll is severely wounded.
You block the gnoll's attack. The gnoll hits you but does no damage.
You block the gnoll's attack.
You barely miss the gnoll.
The gnoll is severely wounded.
You block the gnoll's attack. The gnoll barely misses you. The gnoll hits you.
You die...

######### ############.......#
############.........##.#####.#
#....................##.......##
#.≈≈≈≈≈≈≈≈≈≈≈≈≈≈≈≈≈.............
#[≈≈≈≈≈≈≈≈≈≈≈≈≈≈≈≈≈........#..##
#[≈≈####.....####≈≈.#......#..#.
#.≈≈#..#8###8#g@#≈≈.#..........#
#.≈≈##.###.###.##≈≈.......##.##.
#.≈≈#........gg.#≈≈.###......###
##.≈≈###.##g##.###≈≈.########## #
#..≈≈..#.#P.P#.#..≈≈.#.......# #
#..≈≈.##.)g..'.##.≈≈.#.......# #
#..≈≈.#..#P.P#..#.≈≈.........# #
#..≈≈.##.##)##.##.≈≈.........# #
#......#.#..P#.#..≈≈.........####


You could see 3 gnolls.

Vanquished Creatures
  The ghost of Thargor the Covered, a novice BaFi of the Shining One (D:4)
  Sigmund (D:3)
  Purgy (Sewer)
  An ogre (D:4)
  A hound (D:4)
  An iguana (D:4)
  2 worker ants (D:4)
  6 gnolls
  8 adders
  A worm (D:3)
  A dart slug (D:3)
  A leopard gecko (D:2)
  4 orcs (D:4)
  14 bats
  5 giant cockroaches
  8 hobgoblins
  3 jackals (D:4)
  6 kobolds
  4 frilled lizards
  6 goblins
  A quokka skeleton (D:4)
  5 rats
  9 plants (D:3)
90 creatures vanquished.

Vanquished Creatures (others)
  A plant (D:4)
1 creature vanquished.

Grand Total: 91 creatures vanquished

Notes
Turn   | Place    | Note
-------+----------+-------------------------------------------
     0 | D:1      | KiliKikkendorf the Halfling Fighter began the quest for the
                  | Orb.
     0 | D:1      | Reached XP level 1. HP: 15/15 MP: 1/1
   297 | D:1      | Reached XP level 2. HP: 20/20 MP: 2/2
  1027 | D:2      | Reached skill level 3 in Short Blades
  1027 | D:2      | Reached XP level 3. HP: 23/26 MP: 3/3
  1151 | D:2      | Reached XP level 4. HP: 29/31 MP: 4/4
  1241 | D:2      | Reached skill level 1 in Dodging
  1436 | D:3      | Reached XP level 5. HP: 26/36 MP: 5/5
  1759 | D:3      | Found a faded altar of an unknown god.
  2184 | D:3      | Noticed Sigmund
  2203 | D:3      | Killed Sigmund
  2203 | D:3      | Reached skill level 5 in Short Blades
  2203 | D:3      | Reached XP level 6. HP: 40/42 MP: 6/6
  2514 | D:4      | Found a transporter.
  2556 | D:4      | Noticed Thargor's ghost (novice BaFi)
  2626 | D:4      | Reached XP level 7. HP: 39/47 MP: 7/7
  2672 | D:4      | Found a glowing drain.
  2713 | Sewer    | Entered a sewer
  2753 | Sewer    | Noticed Purgy
  2773 | Sewer    | Killed Purgy
  2773 | Sewer    | Reached skill level 6 in Short Blades
  2773 | Sewer    | Reached skill level 5 in Shields
  3058 | D:4      | Found a staircase to the Ecumenical Temple.
  3074 | Temple   | Entered the Ecumenical Temple
  3384 | Temple   | Became a worshipper of Warmaster Okawaru
  3544 | D:4      | Found a transporter.
  3599 | D:4      | HP: 2/48 [gnoll/+2 halberd of chaos (15)]
  3602 | D:4      | Gained mutation: You are resistant to hostile enchantments.
                  | (MR+) [potion of mutation]
  3602 | D:4      | Gained mutation: You possess an exceptional clarity of
                  | mind. [potion of mutation]
  3604 | D:4      | Killed Thargor's ghost
  3604 | D:4      | Reached * piety under Okawaru
  3604 | D:4      | Reached skill level 7 in Short Blades
  3604 | D:4      | Reached XP level 8. HP: 3/54 MP: 8/8
  3604 | D:4      | HP: 1/81 [gnoll/+2 halberd of chaos (2)]
  3622 | D:4      | Slain by a gnoll

Levels and vault maps discovered:
D:1:      dpeg_arrival_tiny_f, layout_loops_corners
D:2:      layout_rooms, first_ration
D:3:      layout_basic, chequers_ecumenical_altar_lobes, uniq_sigmund
D:4:      layout_loops_cross, lemuel_crystal_altar,
          minmay_temple_entry_nine_rooms, gammafunk_ghost_gnarly_gnolls,
          gup_sewer_entry_glass, minmay_stone_trees_medium
Temple:   hc_temple_tempest_star

Skill      XL: |  1  2  3  4  5  6  7 |
---------------+----------------------+-----
Fighting       | 3 4 |  4.5
Short Blades   | 3 5 7 |  7.0
Shields        | 4 5 |  5.8
Dodging        | 1 2 |  2.0
Armour         | 4 |  4.7
Stealth        | |  0.1

Action                   |  1- 3 |  4- 6 |  7- 9 || total
-------------------------+-------+-------+-------++-------
Melee: Rapier            |    47 |   340 |   102 ||   489
       Dagger            |    25 |       |       ||    25
  Use: Scroll            |     6 |     4 |     1 ||    11
       Potion            |     2 |     2 |     2 ||     6
  Eat: Ration            |       |     2 |     1 ||     3
Armor: Scale mail        |    22 |       |       ||    22
       Chain mail        |       |    26 |    40 ||    66
Dodge: Dodged            |    33 |    64 |    77 ||   174
Block: Kite shield       |    37 |    78 |    93 ||   208

Table legend:
 A = Non-vault XP
 B = Vault XP
 C = Vault XP percentage of total XP
 D = Non-vault monster count
 E = Vault monster count
 F = Vault count percentage of total count
                 A         B        C        D         E       F
            +---------+---------+-------+---------+---------+-------
      Total |     483 |     850 |  63.8 |      66 |      15 |  18.5
            +---------+---------+-------+---------+---------+-------
        D:1 |      20 |       0 |   0.0 |      13 |       0 |   0.0
        D:2 |      66 |       0 |   0.0 |      19 |       0 |   0.0
        D:3 |     109 |     223 |  67.2 |      19 |       1 |   5.0
        D:4 |     288 |     487 |  62.8 |      15 |       8 |  34.8
      Sewer |       0 |     140 | 100.0 |       0 |       6 | 100.0
            +---------+---------+-------+---------+---------+-------
